 Dungeon Crawl Stone Soup version 0.20.0-10-g0535bb4 (webtiles) character file.

203229 mike2R the Earth Mage (level 18, -15/116 HPs)
             Began as a Gargoyle Earth Elementalist on June 4, 2017.
             Was the Champion of Ru.
             Demolished by a kraken (20 damage)
             ... on level 2 of the Shoals on June 5, 2017.
             The game lasted 05:57:28 (50064 turns).

mike2R the Earth Mage (GrEE)                       Turns: 50064, Time: 05:57:29

Health: -15/116    AC: 25    Str:  8    XL:     18   Next: 60%
Magic:  15/37      EV:  6    Int: 23    God:    Ru [******]
Gold:   443        SH:  5    Dex: 10    Spells: 1/31 levels left

rFire    . . .     SeeInvis .   T - +7 dire flail (freeze)
rCold    . . .     Gourm    .   (shield currently unavailable)
rNeg     + + +     Faith    .   f - +1 robe of Pan-Flutes {+Blink rN+++ MR- rCorr}
rPois    ∞         Spirit   .   B - +2 hat
rElec    +         Reflect  +   W - +2 cloak {MR+}
rCorr    +         Harm     .   K - +2 pair of gloves
MR       +++..                  C - +0 pair of boots "Addofes" {MR+ rCorr Str-5}
Stlth    ++........             I - +5 amulet of reflection
Regen    0.3/turn               L - ring of magical power
MPRegen  0.3/turn               s - ring of Jeofocago {Wiz MR+}

@: exhausted, no potions, flying, drained
A: big wings, hooves 2, negative energy resistance 1, electricity resistance,
wild magic 1, unbreathing, petrification resistance, no potion heal 1, rot
immunity, inability to drink while threatened, hated by all, inability to train
dodging, reduced EV 1, AC +13
}: 1/15 runes: serpentine
a: Stop Flying, Draw Out Power, Power Leap, Apocalypse, Renounce Religion, Evoke
Blink


You were on level 2 of the Shoals.
You worshipped Ru.
Ru was exalted by your worship.
You were not hungry.

You visited 5 branches of the dungeon, and saw 29 of its levels.
You also visited: Sewer and Bailey.

You collected 3220 gold pieces.
You spent 2777 gold pieces at shops.

Inventory:

Hand Weapons
 T - a +7 dire flail of freezing (weapon)
Missiles
 O - 13 javelins (quivered)
Armour
 f - the +1 robe of Pan-Flutes (worn) {+Blink rN+++ MR- rCorr}
   (You found it on level 11 of the Dungeon)

   It renders you almost immune to negative energy.
   It affects your resistance to hostile enchantments.
   It lets you blink.
   It protects you from acid and corrosion.
 B - a +2 hat (worn)
 C - the +0 pair of boots "Addofes" (worn) {MR+ rCorr Str-5}
   (You acquired it on level 2 of the Snake Pit)

   It affects your strength (-5).
   It affects your resistance to hostile enchantments.
   It protects you from acid and corrosion.
 K - a +2 pair of gloves (worn)
 W - a +2 cloak of magic resistance (worn)
Jewellery
 s - the ring of Jeofocago (right hand) {Wiz MR+}
   (You acquired it on level 14 of the Dungeon)

   [ring of wizardry]

   It improves your spell success rate.
   It affects your resistance to hostile enchantments.
 x - an uncursed ring of magical power
 E - an uncursed ring of see invisible
 I - a +5 amulet of reflection (around neck)
 L - a ring of magical power (left hand)
 Y - an uncursed ring of protection from fire
Wands
 b - a wand of polymorph (17/24)
 h - a wand of digging (16/24)
 u - a wand of digging (13/24)
 z - a wand of iceblast (7/15)
 R - a wand of lightning (6/15)
 S - a wand of disintegration (6/24)
Scrolls
 c - 7 scrolls of identify
 e - 2 scrolls of blinking
 g - a scroll of enchant weapon
 j - 5 scrolls of magic mapping
 l - a scroll of brand weapon {unknown}
 o - 19 scrolls of teleportation
 p - 3 scrolls of recharging
 r - 3 scrolls of silence
 y - 16 scrolls of remove curse
 H - 3 scrolls of fog
 V - 3 scrolls of fear
Potions
 i - 5 potions of brilliance
 k - 2 potions of resistance
 m - 2 potions of haste
 n - 12 potions of curing
 q - 2 potions of magic
 t - 2 potions of berserk rage
 v - a potion of mutation
 w - 5 potions of might
 G - 8 potions of heal wounds
 P - 3 potions of agility
 U - a potion of cancellation
 X - a potion of invisibility
Miscellaneous
 D - a fan of gales
 J - a lightning rod (4/4)
Comestibles
 a - 9 meat rations
 d - 2 chunks of flesh
 A - a royal jelly
 F - a bread ration
 M - 2 fruits


   Skills:
 - Level 14.1(14.0) Fighting
 - Level 14.7 Maces & Flails
 - Level 2.9 Armour
 - Level 2.1 Stealth
 - Level 7.1 Spellcasting
 - Level 14.0 Conjurations
   Level 0.7 Transmutations
 + Level 19.9 Earth Magic
 - Level 12.0 Evocations


You had one spell level left.
You knew the following spells:

 Your Spells              Type           Power        Failure   Level  Hunger
a - Iron Shot             Conj/Erth      #######...   1%          6    ######.
b - Mephitic Cloud        Conj/Pois/Air  #####...     2%          3    None
c - Stone Arrow           Conj/Erth      ######       1%          3    None
d - Lee's Rapid Deconstr  Erth           #######...   1%          5    #####..
e - Shatter               Erth           #######...   56%         9    #######
f - Apportation           Tloc           ##....       4%          1    None
h - Conjure Flame         Conj/Fire      ######..     1%          3    None


Dungeon Overview and Level Annotations

Branches:
Dungeon (15/15)            Temple (0/1) D:4            Lair (6/6) D:11
 Shoals (2/4) Lair:4        Snake (4/4) Lair:2        Slime (0/5) Lair:5
    Orc (2/2) D:11            Elf (0/3) Orc:2        Vaults (0/5) D:14
 Depths (0/5) D:15

Altars:
Cheibriados
Fedhas
Hepliaklqana
Kikubaaqudgha
Okawaru
Qazlal
Ru
Sif Muna
Vehumet
Xom
Yredelemnul
Zin
The Shining One
Beogh
Jiyva

Shops:
D:11 (([[}   D:14 }   Orc:2 !:=!?   Shoals:2 }%   Snake:2 %!

Annotations:
D:10 grindst0ne's ghost, journeyman TrMo
D:12 1 runed door


Innate Abilities, Weirdness & Mutations

You are resistant to torment.
Your stone body is resilient. (AC +13)
You are immune to poison.
Your large and strong wings let you fly indefinitely.
You resist negative energy. (rN+)
You are resistant to electric shocks. (rElec)
You can survive without breathing.
You are immune to petrification.
Potions are less effective at restoring your health.
You are immune to rotting.
You cannot drink potions while threatened.
You are hated by all.
You cannot train Dodging skill.
You have somewhat slow reflexes. (EV -5)
You have hoof-like feet.
Your spells are a little harder to cast, but a little more powerful.


Message History

The kraken is heavily wounded.
The tentacle slaps you!!
The tentacle slaps you but does no damage. x2
The kraken is stunned by your will and fails to attack.
You block the tentacle's attack. The tentacle slaps you!
* * * LOW HITPOINT WARNING * * *
The tentacle barely misses you. The tentacle slaps you.
* * * LOW HITPOINT WARNING * * *
Aiming: Power Leap
Press: ? - help, Dir - move target cursor, p - kraken Something unexpectedly blocked you, preventing you from leaping!
The kraken bites you!
* * * LOW HITPOINT WARNING * * *
You block the tentacle's attack.
The tentacle slaps you but does no damage.
The tentacle slaps you!
* * * LOW HITPOINT WARNING * * *
The tentacle slaps you but does no damage.
The kraken bites you!!
You die...

#≈≈≈≈≈≈≈≈≈≈≈≈≈...###..
#≈≈≈≈≈≈≈≈≈≈≈≈≈...# ##.
#≈≈≈≈≈≈≈≈≈≈≈≈≈.PP####.
#≈≈≈≈≈≈≈≈≈≈≈≈≈≈...##..
#≈≈≈≈≈≈≈≈≈≈≈≈≈≈≈.....P
#≈≈≈≈≈≈≈≈≈≈≈≈≈≈≈PP....
#≈≈≈≈≈≈≈≈≈≈≈≈≈≈≈......
#≈≈≈wXw≈≈≈≈≈≈≈≈P.PP..P
#≈≈≈w@≈≈≈≈≈≈≈###≈PP...
#≈≈≈≈≈w≈≈####.∩.♣♣....
#≈≈≈≈≈≈≈##....#.♣♣♣P..
#≈≈≈≈≈≈≈♣....#.♣♣.♣≈..
#≈≈≈≈≈≈#♣.)###....♣≈..
#≈≈≈≈≈≈♣..#≈≈≈≈♣♣..≈≈.
#≈≈≈≈≈≈♣..≈≈≈≈≈≈♣...≈.
#≈≈≈≈≈#♣.≈≈≈≈≈≈≈≈#..≈≈
#≈≈≈≈≈#♣.≈≈≈≈≈≈≈≈#...≈


You could see a kraken and 4 tentacles.

Vanquished Creatures
  13 nagarajas
  An orc warlord (Orc:1)
  2 dire elephants
  Azrael (D:15)
  19 naga warriors
  7 hydras
  A catoblepas (Lair:6)
  6 anacondas
  A centaur warrior (D:14)
  2 dancing weapons (D:14)
  2 merfolk aquamancers
  A deep troll shaman (Lair:6)
  2 two-headed ogres
  3 death yaks
  5 orc high priests (Orc:2)
  12 naga sharpshooters
  7 shock serpents
  2 salamander mystics
  9 skeletal warriors
  An unseen horror (D:13)
  6 sea snakes
  7 naga ritualists
  A sea snake (shapeshifter) (D:14)
  A wizard (D:15)
  8 orc knights
  A deep elf mage (D:12)
  2 wolf spiders
  6 fauns
  An orc sorcerer (Orc:1)
  9 mana vipers
  7 manticores
  12 salamanders
  A cyclops (D:12)
  15 ugly things
  The ghost of Gorglomux the Cleaver, a novice HOMo of Beogh (D:4)
  3 merfolk sirens
  9 elephants (Lair:6)
  7 guardian serpents
  46 black mambas
  39 naga magi
  2 water nymphs
  9 spiny frogs
  A torpor snail (Lair:2)
  2 gargoyles
  3 centaur skeletons
  5 rime drakes
  A kobold demonologist (D:14)
  10 komodo dragons
  An efreet (D:15)
  A tengu conjurer (D:13)
  12 merfolk
  5 trolls
  6 polar bears
  A hornet (D:10)
  A harpy skeleton (D:15)
  A wolf spider simulacrum (D:15)
  6 hippogriffs
  2 slime creatures (D:12)
  6 snapping turtles
  7 blink frogs
  15 dream sheep
  4 water elementals
  5 wraiths
  4 shadows
  5 wyverns
  A fire elemental (D:15)
  58 yaks
  2 hungry ghosts
  2 steam dragons
  A basilisk (Lair:3)
  81 nagas
  4 wargs
  A soldier ant (D:11)
  4 acid dragons
  10 water moccasins
  3 hell hounds (D:15)
  37 orc warriors
  12 porcupines
  6 ice beasts
  3 sky beasts
  5 black bears
  An eye of draining (D:15)
  15 ogres
  27 wolves
  9 centaurs
  17 crocodiles
  5 big kobolds
  18 bullfrogs
  A gnoll sergeant (D:8)
  Blork the orc (D:5)
  3 wyvern skeletons
  3 scorpions
  6 wights
  17 killer bees
  4 electric eels (D:6)
  2 howler monkeys
  14 crimson imps
  3 bullfrog zombies
  A quasit (D:7)
  32 orc priests
  6 centaur zombies
  5 jellies
  Crazy Yiuf (D:5)
  8 hounds
  Ijyb (D:5)
  Jessica (D:3)
  5 iguanas
  Natasha (thrice) (D:3)
  21 orc wizards
  10 worker ants
  9 gnolls
  12 adders
  7 river rats (Sewer)
  5 shadow imps
  An ooze (Sewer)
  2 adder zombies
  2 worms
  2 dart slugs (D:1)
  4 leopard geckos
  112 orcs
  6 bats
  4 giant cockroaches
  7 goblins
  5 hobgoblins
  2 jackals (D:9)
  51 kobolds
  6 quokkas
  7 ball pythons
  5 frilled lizards
  A leopard gecko zombie (D:5)
  A quokka skeleton (D:4)
  21 rats
  A spectral orc (D:8)
  7 fungi
  4 plants (Lair:6)
1148 creatures vanquished.

Vanquished Creatures (others)
  A naga warrior (Snake:2)
  A centaur warrior (D:13)
  3 naga sharpshooters (Snake:4)
  An unseen horror (D:13)
  A salamander (Snake:3)
  A cyclops (D:14)
  A black mamba (Snake:2)
  A komodo dragon (Lair:6)
  2 nagas
  An orc warrior (Orc:1)
  A centaur (D:8)
  A wolf (D:8)
  A hound (D:6)
  An orc priest (Orc:2)
  A river rat (Sewer)
  An orc (Orc:2)
  A kobold (Bailey)
  A rat (Sewer)
  2 bushes (Lair:6)
  31 fungi
  65 plants
119 creatures vanquished.

Grand Total: 1267 creatures vanquished

Notes
Turn   | Place    | Note
-------+----------+-------------------------------------------
     0 | D:1      | mike2R the Gargoyle Earth Elementalist began the quest for the Orb.
     0 | D:1      | Reached XP level 1. HP: 10/10 MP: 3/3
   117 | D:1      | Reached skill level 4 in Earth Magic
   117 | D:1      | Reached XP level 2. HP: 15/15 MP: 3/5
   488 | D:1      | Learned a level 2 spell: Passwall
   569 | D:1      | Found a deep blue altar of Sif Muna.
   571 | D:1      | Found a shimmering altar of Xom.
   571 | D:1      | Found a sparkling altar of Nemelex Xobeh.
   573 | D:1      | Found a hide-covered altar of Uskayaw.
   573 | D:1      | Found an ancient bone altar of Kikubaaqudgha.
   573 | D:1      | Found a shimmering altar of Xom.
   736 | D:1      | Reached XP level 3. HP: 19/19 MP: 4/6
   741 | D:1      | Learned a level 3 spell: Stone Arrow
  1374 | D:2      | Found a faded altar of an unknown god.
  1385 | D:2      | Became a worshipper of Ru the Awakened
  1418 | D:2      | Reached skill level 5 in Earth Magic
  1418 | D:2      | Reached XP level 4. HP: 22/24 MP: 5/8
  1419 | D:2      | Gained mutation: You are hated by all. [Ru sacrifice]
  1419 | D:2      | Reached * piety under Ru
  1662 | D:2      | Found an iron altar of Okawaru.
  1806 | D:2      | Reached skill level 1 in Armour
  2055 | D:3      | Noticed an ogre
  2059 | D:3      | Killed an ogre
  2059 | D:3      | Reached skill level 6 in Earth Magic
  2059 | D:3      | Reached XP level 5. HP: 28/28 MP: 4/10
  2066 | D:3      | Learned a level 5 spell: Lee's Rapid Deconstruction
  2080 | D:3      | Noticed Natasha
  2084 | D:3      | Killed Natasha
  2190 | D:3      | Reached XP level 6. HP: 32/32 MP: 5/11
  2239 | D:3      | Found an ancient bone altar of Kikubaaqudgha.
  2241 | D:3      | Found a blossoming altar of Fedhas.
  2248 | D:3      | Found a glowing silver altar of Zin.
  2248 | D:3      | Found a stormy altar of Qazlal.
  2251 | D:3      | Noticed Natasha
  2252 | D:3      | Killed Natasha
  2307 | D:3      | Noticed Natasha
  2308 | D:3      | Killed Natasha
  2308 | D:3      | Reached skill level 7 in Earth Magic
  2423 | D:3      | Noticed Jessica
  2427 | D:3      | Killed Jessica
  2721 | D:4      | Noticed Gorglomux's ghost (novice HOMo)
  3173 | D:4      | Reached skill level 8 in Earth Magic
  3173 | D:4      | Reached XP level 7. HP: 36/36 MP: 7/12
  3403 | D:4      | Killed Gorglomux's ghost
  3403 | D:4      | Reached skill level 10 in Earth Magic
  3403 | D:4      | Reached XP level 8. HP: 25/41 MP: 2/13
  3753 | D:4      | Found a staircase to the Ecumenical Temple.
  3809 | D:5      | Entered Level 5 of the Dungeon
  3873 | D:5      | Found a radiant altar of Vehumet.
  3923 | D:5      | Reached skill level 11 in Earth Magic
  4010 | D:5      | Found a glowing drain.
  4026 | Sewer    | Entered a sewer
  4078 | Sewer    | Gained mutation: You cannot train Dodging skill. [Ru sacrifice]
  4078 | Sewer    | Reached ** piety under Ru
  4078 | Sewer    | Reached *** piety under Ru
  4704 | Sewer    | Reached skill level 1 in Fighting
  4971 | D:5      | Found a shimmering altar of Xom.
  5073 | D:5      | Found a runed door.
  5077 | D:5      | Noticed Crazy Yiuf
  5079 | D:5      | Killed Crazy Yiuf
  5225 | D:5      | Noticed Ijyb
  5232 | D:5      | Killed Ijyb
  5232 | D:5      | Reached skill level 1 in Evocations
  5687 | D:5      | Noticed Blork the orc
  5695 | D:5      | Killed Blork the orc
  5695 | D:5      | Reached XP level 9. HP: 49/49 MP: 14/14
  6134 | D:6      | Found a stormy altar of Qazlal.
  6281 | D:6      | Gained mutation: You cannot drink potions while threatened. [Ru sacrifice]
  6281 | D:6      | Reached **** piety under Ru
  6421 | D:6      | Reached skill level 5 in Evocations
  6563 | D:6      | Found a hazy altar of Hepliaklqana.
  7394 | D:7      | Reached skill level 1 in Maces & Flails
  8134 | D:8      | Noticed a polar bear
  8150 | D:8      | Killed a polar bear
  8150 | D:8      | Reached skill level 5 in Maces & Flails
  8357 | D:8      | Found a snail-covered altar of Cheibriados.
  8364 | D:8      | Reached XP level 10. HP: 51/54 MP: 15/15
  8850 | D:8      | Found an iron altar of Okawaru.
  8984 | D:8      | Found a basalt altar of Yredelemnul.
  9237 | D:9      | Learned a level 4 spell: Petrify
  9249 | D:9      | Found a deep blue altar of Sif Muna.
 10059 | D:9      | Reached skill level 5 in Fighting
 10308 | D:9      | Noticed a two-headed ogre
 10312 | D:9      | Killed a two-headed ogre
 10376 | D:10     | Entered Level 10 of the Dungeon
 10392 | D:10     | Reached XP level 11. HP: 39/68 MP: 16/16
 10655 | D:10     | Found a blossoming altar of Fedhas.
 11439 | D:10     | Reached skill level 12 in Earth Magic
 11574 | D:10     | Noticed grindst0ne's ghost (journeyman TrMo)
 12108 | D:11     | Reached skill level 13 in Earth Magic
 12177 | D:11     | Found a staircase to the Lair.
 12195 | Lair:1   | Entered Level 1 of the Lair of Beasts
 12310 | Lair:1   | Found a labyrinth entrance.
 12370 | Lair:1   | Reached skill level 14 in Earth Magic
 12618 | Lair:1   | Identified the Handbook of Unholy Hexes
 12666 | Lair:1   | Reached XP level 12. HP: 76/76 MP: 13/17
 12766 | Lair:1   | Reached skill level 1 in Conjurations
 12895 | Lair:1   | Gained mutation: You have large cloven feet. [mutagenic meat]
 12897 | Lair:1   | Gained mutation: Your spells are a little harder to cast, but a little more powerful. [mutagenic meat]
 12898 | Lair:1   | Gained mutation: You have hoof-like feet. [mutagenic meat]
 13080 | Lair:2   | Reached skill level 5 in Conjurations
 13222 | Lair:2   | Noticed an eight-headed hydra
 13227 | Lair:2   | Killed an eight-headed hydra
 13786 | Lair:2   | Found a staircase to the Snake Pit.
 14397 | Lair:3   | Gained mutation: You have somewhat slow reflexes. (EV -5) [Ru sacrifice]
 14397 | Lair:3   | Reached ***** piety under Ru
 14588 | Lair:3   | Noticed a seven-headed hydra
 14594 | Lair:3   | Killed a seven-headed hydra
 14661 | Lair:3   | Noticed a four-headed hydra
 14667 | Lair:3   | Killed a four-headed hydra
 14667 | Lair:3   | Reached skill level 10 in Conjurations
 15773 | Lair:4   | Reached XP level 13. HP: 79/80 MP: 18/18
 16135 | Lair:4   | Found a staircase to the Shoals.
 16532 | Lair:5   | Gained mutation: Potions are less effective at restoring your health. [Ru sacrifice]
 16532 | Lair:5   | Reached ****** piety under Ru
 16874 | Lair:5   | Found an ancient bone altar of Kikubaaqudgha.
 17026 | Lair:5   | Found a viscous altar of Jiyva.
 17026 | Lair:5   | Found a staircase to the Slime Pits.
 17218 | Lair:6   | Entered Level 6 of the Lair of Beasts
 18396 | Lair:6   | Learned a level 3 spell: Mephitic Cloud
 18952 | Lair:6   | Reached skill level 5 in Spellcasting
 19486 | Lair:6   | Reached skill level 15 in Earth Magic
 20027 | Lair:6   | Gained mutation: Your large and strong wings let you fly indefinitely. [Gargoyle growth]
 20027 | Lair:6   | Reached XP level 14. HP: 85/86 MP: 13/23
 21023 | Lair:6   | Reached skill level 16 in Earth Magic
 21043 | Lair:6   | Noticed a dire elephant
 21080 | Lair:6   | Killed a dire elephant
 21391 | Lair:6   | Identified the Reference Book on Ashen Poison
 21398 | Lair:6   | Learned a level 4 spell: Leda's Liquefaction
 21401 | Lair:6   | Learned a level 2 spell: Blink
 21405 | Lair:6   | Learned a level 3 spell: Conjure Flame
 21756 | D:11     | Found Hacemuam's Antique Armour Emporium.
 21796 | D:11     | Bought a steaming robe for 131 gold pieces
 21806 | D:11     | Identified the cursed +1 robe "Corr" {Str+4} (You bought it in a shop on level 11 of the Dungeon)
 21834 | D:11     | Got a shadowed robe
 21845 | D:11     | Identified the +1 robe of Pan-Flutes {+Blink rN+++ MR- rCorr} (You found it on level 11 of the Dungeon)
 22259 | D:11     | Found a staircase to the Orcish Mines.
 22583 | D:11     | Found Plog's Antique Weapon Emporium.
 22601 | D:11     | Bought a glowing great mace for 247 gold pieces
 22628 | D:11     | Found Legeh's Armour Emporium.
 22633 | D:11     | Found Kazxiel's Antique Weapon Shop.
 22767 | D:11     | Found Zeukk's Gadget Emporium.
 23004 | D:11     | Reached skill level 10 in Maces & Flails
 23040 | Orc:1    | Entered Level 1 of the Orcish Mines
 23040 | Orc:1    | Found a flagged portal.
 23194 | Bailey   | Entered a bailey
 23418 | Bailey   | Found a burning altar of Makhleb.
 23545 | Orc:2    | Entered Level 2 of the Orcish Mines
 23545 | Orc:2    | Noticed an orc warlord
 23629 | Orc:1    | Killed an orc warlord
 24294 | Orc:2    | Found a staircase to the Elven Halls.
 25486 | Orc:2    | Found a roughly hewn altar of Beogh.
 25683 | Orc:2    | Reached skill level 10 in Fighting
 25696 | Orc:2    | Found Okif's Distillery.
 25696 | Orc:2    | Found Astinump's Distillery.
 25697 | Orc:2    | Found Huimniha's Jewellery Shop.
 25697 | Orc:2    | Found Xievejan's Book Boutique.
 25704 | Orc:2    | Bought a potion of degeneration for 12 gold pieces
 25704 | Orc:2    | Bought a potion of magic for 96 gold pieces
 25705 | Orc:2    | Bought an uncursed ring of magical power for 300 gold pieces
 25709 | Orc:2    | Bought a book of the Earth for 1040 gold pieces
 25710 | Orc:2    | Bought a potion of flight for 48 gold pieces
 25998 | Orc:2    | Found Bomeha's Magic Scroll Shop.
 26013 | Orc:2    | Bought a scroll of identify for 26 gold pieces
 26013 | Orc:2    | Bought a scroll of identify for 26 gold pieces
 26013 | Orc:2    | Bought a scroll of identify for 26 gold pieces
 26013 | Orc:2    | Bought a scroll of identify for 26 gold pieces
 26013 | Orc:2    | Bought a scroll of enchant weapon for 97 gold pieces
 26013 | Orc:2    | Bought a scroll of enchant weapon for 97 gold pieces
 26013 | Orc:2    | Bought a scroll of noise for 13 gold pieces
 28120 | Orc:2    | Reached XP level 15. HP: 79/92 MP: 25/25
 28308 | Lair:1   | Learned a level 6 spell: Iron Shot
 28953 | D:12     | Found a glowing silver altar of Zin.
 28959 | D:12     | Found a runed door.
 28959 | D:12     | Noticed an angel
 30691 | D:14     | Found a gate to the Vaults.
 30728 | D:14     | Identified a scroll of acquirement
 30732 | D:14     | Got a fine copper ring
 30734 | D:14     | Identified the ring of Jeofocago {Wiz MR+} (You acquired it on level 14 of the Dungeon)
 31197 | D:14     | Found Ziex's Quality Used Wands.
 31606 | D:14     | Found a glowing golden altar of the Shining One.
 31622 | D:15     | Entered Level 15 of the Dungeon
 32098 | D:15     | Found a staircase to the Depths.
 32704 | D:15     | Noticed Azrael
 32708 | D:15     | Killed Azrael
 33985 | D:15     | Reached XP level 16. HP: 97/97 MP: 11/26
 34357 | Snake:1  | Entered Level 1 of the Snake Pit
 36529 | Snake:2  | Found Qebyomeys's Food Shoppe.
 36533 | Snake:2  | Found Ypie's Distillery.
 36541 | Snake:2  | Bought a potion of cancellation for 152 gold pieces
 36546 | Snake:2  | Reached skill level 17 in Earth Magic
 36569 | Snake:2  | Got a pair of spiked boots
 36580 | Snake:2  | Identified the +0 pair of boots "Addofes" {MR+ rCorr Str-5} (You acquired it on level 2 of the Snake Pit)
 38069 | Snake:2  | Reached skill level 18 in Earth Magic
 38354 | Snake:2  | Noticed a nagaraja
 38363 | Snake:2  | Killed a nagaraja
 39116 | Snake:3  | Noticed a nagaraja
 39126 | Snake:3  | Killed a nagaraja
 39204 | Snake:3  | Got a transparent whip
 39205 | Snake:3  | Identified the +6 whip of Eternal Vigilance {speed, -Tele rPois MR+ Str+4} (You found it on level 3 of the Snake Pit)
 39387 | Snake:3  | Noticed a nagaraja
 39687 | Snake:2  | Noticed a nagaraja
 39922 | Snake:3  | Killed a nagaraja
 39922 | Snake:3  | Reached skill level 19 in Earth Magic
 40019 | Snake:3  | Noticed a nagaraja
 40021 | Snake:3  | Killed a nagaraja
 40021 | Snake:3  | Reached XP level 17. HP: 57/102 MP: 20/27
 41746 | Snake:4  | Entered Level 4 of the Snake Pit
 41791 | Snake:4  | Found a blossoming altar of Fedhas.
 41796 | Snake:4  | Got a warped spear
 41797 | Snake:4  | Identified the +6 spear "Ejeff" {holy, Str+5} (You found it on level 4 of the Snake Pit)
 44392 | Snake:4  | Reached skill level 10 in Evocations
 44784 | Snake:4  | Reached XP level 18. HP: 84/116 MP: 28/28
 45513 | Snake:4  | Got a serpentine rune of Zot
 47103 | Lair:1   | Learned a level 9 spell: Shatter
 47105 | Lair:1   | Learned a level 1 spell: Apportation
 47217 | Shoals:1 | Entered Level 1 of the Shoals
 49857 | Shoals:2 | Found Gitediy's Gadget Shoppe.
 49865 | Shoals:2 | Bought a fan of gales for 440 gold pieces
 49931 | Shoals:2 | Found Kywied's Food Shop.
 50064 | Shoals:2 | HP: 5/116 [tentacle[a kraken] (13)]
 50064 | Shoals:2 | Demolished by a kraken

Skill      XL: |  1  2  3  4  5  6  7  8  9 10 11 12 13 14 15 16 17 18 |
---------------+-------------------------------------------------------+-----
Earth Magic    | 4 5 6 8 10 11 14 15 16 19 | 19.9
Spellcasting   | 3 6 7 |  7.1
Armour         | 1 2 |  2.9
Dodging        | 0 |  0.0
Fighting       | 2 7 9 10 14 | 14.1
Evocations     | 3 6 8 10 12 | 12.0
Maces & Flails | 5 8 11 14 | 14.7
Conjurations   | 11 14 | 14.0
Stealth        | |  2.1
Transmutations | |  0.7

Action                   |  1- 3 |  4- 6 |  7- 9 | 10-12 | 13-15 | 16-18 || total
-------------------------+-------+-------+-------+-------+-------+-------++-------
Melee: Short sword       |    39 |    11 |       |       |       |       ||    50
       War axe           |       |    41 |       |       |       |       ||    41
       Club              |       |    18 |   221 |   342 |   294 |       ||   875
       Dire flail        |       |       |       |     4 |   609 |   990 ||  1603
Throw: Javelin           |       |       |       |       |     5 |     2 ||     7
 Cast: Sandblast         |    35 |    37 |    77 |   200 |   163 |       ||   512
       Stone Arrow       |     1 |     6 |    41 |    44 |   273 |    84 ||   449
       Lee's Rapid Decon |       |       |     2 |    23 |    96 |    59 ||   180
       Petrify           |       |       |       |    18 |     8 |     9 ||    35
       Passwall          |       |       |       |     1 |       |       ||     1
       Mephitic Cloud    |       |       |       |       |    10 |     3 ||    13
       Leda's Liquefacti |       |       |       |       |     2 |       ||     2
       Conjure Flame     |       |       |       |       |     1 |     1 ||     2
       Blink             |       |       |       |       |     1 |       ||     1
       Iron Shot         |       |       |       |       |    76 |   153 ||   229
Invok: Sacrifice Love    |       |     1 |       |       |       |       ||     1
       Sacrifice Nimblen |       |       |     1 |       |       |       ||     1
       Power Leap        |       |       |     3 |     1 |     4 |     3 ||    11
       Sacrifice Drink   |       |       |     1 |       |       |       ||     1
       Reject Sacrifices |       |       |       |     1 |       |       ||     1
       Sacrifice Health  |       |       |       |     1 |       |       ||     1
       Apocalypse        |       |       |       |       |     4 |     2 ||     6
       Sacrifice Purity  |       |       |       |       |     1 |       ||     1
       Draw Out Power    |       |       |       |       |     1 |     4 ||     5
 Abil: Evoke Invisibilit |       |       |     2 |       |     2 |       ||     4
       Evoke Blink       |       |       |       |       |     1 |     4 ||     5
       Fly               |       |       |       |       |     1 |     1 ||     2
       Stop Flying       |       |       |       |       |     1 |       ||     1
Evoke: Wand              |       |       |     1 |       |     3 |     5 ||     9
       Lightning rod     |       |       |       |       |     3 |     5 ||     8
  Use: Scroll            |       |     9 |     2 |    12 |    20 |    14 ||    57
       Potion            |       |     2 |     4 |     1 |       |     3 ||    10
 Stab: Sleeping          |       |       |     1 |     2 |     1 |     1 ||     5
       Invisible         |       |       |     1 |     1 |     9 |     6 ||    17
       Petrified         |       |       |       |    74 |     5 |    13 ||    92
       Distracted        |       |       |       |     2 |     5 |     6 ||    13
       Confused          |       |       |       |       |     8 |       ||     8
       Paralysed         |       |       |       |       |    16 |     4 ||    20
       Petrifying        |       |       |       |       |       |     1 ||     1
  Eat: Chunk             |     2 |     6 |    17 |    41 |    81 |    29 ||   176
       Bread ration      |       |       |     1 |       |     1 |    16 ||    18
       Fruit             |       |       |       |     1 |     7 |       ||     8
       Meat ration       |       |       |       |       |     3 |     6 ||     9
       Royal jelly       |       |       |       |       |     9 |     1 ||    10
Armor: Robe              |     9 |    23 |       |       |   296 |   402 ||   730
       Leather armour    |     7 |    24 |   114 |    37 |       |       ||   182
       Steam dragon scal |       |       |       |   120 |   168 |       ||   288
Dodge: Dodged            |    43 |    76 |   131 |   166 |   211 |   152 ||   779
Block: Other             |       |       |    36 |    66 |   174 |   128 ||   404
       Reflection        |       |       |     3 |     1 |    18 |    18 ||    40
